 Dungeon Crawl Stone Soup version 0.31-a0-175-g9f7f995f2b (webtiles) character file.

Game seed: 10787802776154949469

667 qw the Shooter (level 7, -1/64 HPs)
             Began as a Naga Hunter on June 16, 2023.
             Was an Initiate of Okawaru.
             Slain by an orc
             ... wielding a +1 dagger of venom
              (3 damage)
             ... on level 5 of the Dungeon.
             The game lasted 00:01:23 (4599 turns).

qw the Shooter (Naga Hunter)                        Turns: 4599, Time: 00:01:23

Health: -1/64      AC: 12    Str: 13    XL:     7   Next: 57%
Magic:  7/7        EV:  8    Int:  5    God:    Okawaru [......]
Gold:   195        SH:  0    Dex: 16    Spells: 6/6 levels left

rFire   x . .        Y - +0 shortbow
rCold   . . .        (shield currently unavailable)
rNeg    . . .        c - +0 leather armour
rPois   +            o - +1 hat {Will+}
rElec   +            k - scarf "Mufiquro" {shadows, Fly rElec rF- Int-5}
rCorr   .            j - +2 pair of gloves
SInv    +            i - +0 barding
Will    +....        f - amulet of faith
Stlth   ++           (no ring)
HPRegen 0.30/turn    (no ring)
MPRegen 0.10/turn

%: faith
@: lethally poisoned (-1 -> -5), short of breath, flying, very slow
A: AC +2, large, see invisible, deformed body, poison resistance, slowness 2,
spit poison 1, naga tail 1
a: Spit Poison, Renounce Religion


You were on level 5 of the Dungeon.
You worshipped Okawaru.
Okawaru was noncommittal.
You visited 2 branches of the dungeon, and saw 7 of its levels.

You collected 195 gold pieces.


Innate Abilities, Weirdness & Mutations

Your serpentine skin is tough. (AC +2)
You have supernaturally acute eyesight. (SInv)
Armour fits poorly on your strangely shaped body.
Your system is resistant to poisons. (rPois)
You cover ground very slowly.
You can spit poison.
You have a snake-like lower body.


   Skills:
 - Level 4.0 Fighting
 + Level 7.2 Ranged Weapons
 - Level 1.0 Armour
 - Level 2.0 Dodging
 - Level 1.5 Stealth


You had 6 spell levels left.
You didn't know any spells.
Your spell library was empty.

Inventory:

Hand Weapons
 Y - a +0 shortbow (weapon)
Armour
 c - a +0 leather armour (worn)
 i - a +0 barding (worn)
 j - a +2 pair of gloves (worn)
 k - the scarf "Mufiquro" (worn) {shadows, Fly rElec rF- Int-5}
   (You found it on level 2 of the Dungeon)

   Int:       It affects your intelligence (-5).
   rF:        It makes you vulnerable to fire.
   rElec:     It insulates you from electricity.
   Fly:       It grants you flight.
 l - a +1 cloak
 o - a +1 hat of willpower (worn)
Jewellery
 f - an amulet of faith (around neck)
Scrolls
 h - a scroll of identify
Potions
 b - a potion of might
 e - a potion of brilliance {unknown}
 g - a potion of enlightenment {unknown}
 m - 2 potions of curing
 n - a potion of lignification {unknown}

Dungeon Overview and Level Annotations

Branches:
Dungeon (6/15)             Temple (1/1) D:5

Altars:
Ashenzari
Dithmenos
Elyvilon
Fedhas
Gozag
Hepliaklqana
Kikubaaqudgha
Makhleb
Nemelex Xobeh
Okawaru
Ru
Sif Muna
Trog
Uskayaw
Vehumet
Wu Jian
Xom
Yredelemnul
Zin
The Shining One


Message History

You feel sick. The orc hits you but does no damage. x3
The orc wizard hits you with a +0 dagger.
You shoot an arrow.
The arrow closely misses the orc wizard.
You feel sick. The orc hits you but does no damage.
You are more poisoned.
The orc hits you with a +0 flail! The orc hits you but does no damage.
The orc wizard casts a spell at you.
The magic dart hits you but does no damage.
You shoot an arrow.
The arrow closely misses the orc wizard.
You feel very sick. The orc barely misses you.
The orc hits you but does no damage.
The orc wizard hits you with a +0 dagger.
The orc closely misses you. The orc hits you but does no damage.
The orc wizard hits you but does no damage.
The orc hits you but does no damage. The orc barely misses you.
You shoot an arrow. The arrow hits the orc wizard.
The orc wizard is lightly wounded.
You have got your breath back.
You feel very sick. The orc hits you but does no damage.
The orc closely misses you. The orc hits you with a +0 hand axe.
The orc wizard hits you with a +0 dagger.
4597 ||| INVOKING Spit Poison.
Aiming: Spit Poison (1% risk of failure)
Press: ? - help, Shift-Dir - straight line, f/p - orc wizard The splash of poison hits the orc wizard!
The orc wizard is poisoned.
The orc wizard is severely wounded.
You feel sick. The orc hits you but does no damage. x2
The orc barely misses you. The orc wizard closely misses you.
You shoot an arrow. The arrow hits the orc wizard!
You kill the orc wizard!
Okawaru accepts your kill.
You feel sick. The orc hits you but does no damage. x3
You shoot an arrow. The arrow barely misses the orc.
You feel sick.
The orc hits you with a +1 dagger of venom.
You die...

#..+...+.....##...............#.#
####...###..###..........#.##.#.#
#.......##..###...#...#.##.##+#..
#.......##..#.........##.#......#
#.......#####.#.###....#.#......#
'.................#...#.##......#
#.........####.####.............#
'.........'....o#...............#
#.....(...####.)@o#.###.........#
#.......#######o.)..# #..........
#.....(...........#####.........#
#.................+...'..........
#.................#####......^..#
#######...........##.............
#...........##.#####....#.#
#...........##.#........#..
#...........##.#.#######...


You could see 3 orcs.

Vanquished Creatures
  A water moccasin (D:4)
  A centaur (D:4)
  A scorpion (D:5)
  A jelly (D:4)
  An orc priest (D:5)
  Ijyb (D:5)
  3 orc wizards
  Natasha (twice) (D:4)
  8 adders
  4 gnolls (D:5)
  2 river rats (D:3)
  An ufetubus (D:3)
  A worm (D:4)
  2 dart slugs
  6 orcs
  8 endoplasms
  5 giant cockroaches
  8 goblins
  4 hobgoblins
  2 jackals (D:1)
  5 kobolds
  A quokka (D:3)
  2 ball pythons
  3 bats
  4 frilled lizards
  6 rats
83 creatures vanquished.

Notes
Turn   | Place    | Note
-------+----------+-------------------------------------------
     0 | D:1      | qw the Naga Hunter began the quest for the Orb.
     0 | D:1      | Reached XP level 1. HP: 19/19 MP: 1/1
     0 | D:1      | 0 ||| qw: Version: 0.2-a-29-g511e9b1
     0 | D:1      | 0 ||| qw: Game counter: 5810
     0 | D:1      | 0 ||| qw: Always use a shield: true
     0 | D:1      | 0 ||| qw: God list: Okawaru
     0 | D:1      | 0 ||| qw: Allow faded altars: false
     0 | D:1      | 0 ||| qw: Do Orc after D:15 true
     0 | D:1      | 0 ||| qw: Do second Lair branch before Depths: true
     0 | D:1      | 0 ||| qw: Lair rune preference: random
     0 | D:1      | 0 ||| qw: Plans: Normal
     0 | D:1      | 0 ||| PLANNING D:1-11
    44 | D:1      | 44 ||| INVOKING Spit Poison.
    48 | D:1      | 48 ||| INVOKING Spit Poison.
    51 | D:1      | 51 ||| INVOKING Spit Poison.
    54 | D:1      | 54 ||| INVOKING Spit Poison.
   143 | D:1      | 143 ||| INVOKING Spit Poison.
   161 | D:1      | 161 ||| INVOKING Spit Poison.
   197 | D:1      | 197 ||| INVOKING Spit Poison.
   232 | D:1      | Reached skill level 4 in Ranged Weapons
   232 | D:1      | Reached XP level 2. HP: 26/26 MP: 2/2
   439 | D:1      | 439 ||| INVOKING Spit Poison.
   445 | D:1      | 445 ||| INVOKING Spit Poison.
   448 | D:1      | 448 ||| INVOKING Spit Poison.
   502 | D:1      | 502 ||| INVOKING Spit Poison.
   539 | D:1      | 539 ||| INVOKING Spit Poison.
   542 | D:1      | 542 ||| INVOKING Spit Poison.
   584 | D:1      | 584 ||| INVOKING Spit Poison.
   855 | D:1      | 855 ||| UPGRADING to +0 barding.
   860 | D:1      | 860 ||| UPGRADING to +2 pair of gloves.
   865 | D:1      | 865 ||| UPGRADING to amulet of faith.
   870 | D:1      | 870 ||| READING scroll labelled HEUTZO WECHUDI.
   871 | D:1      | 871 ||| READING scroll labelled JURA OWIGIA.
   872 | D:1      | 872 ||| READING scroll labelled RIFUOH JAEMU.
   873 | D:1      | 873 ||| DROPPING scroll of butterflies.
   898 | D:2      | 898 ||| INVOKING Spit Poison.
   986 | D:2      | 986 ||| INVOKING Spit Poison.
  1022 | D:2      | 1022 ||| INVOKING Spit Poison.
  1024 | D:2      | Reached skill level 1 in Armour
  1024 | D:2      | Reached XP level 3. HP: 32/32 MP: 3/3
  1097 | D:2      | 1097 ||| INVOKING Spit Poison.
  1110 | D:2      | Found a faded altar of an unknown god.
  1191 | D:2      | Identified the scarf "Mufiquro" {shadows, Fly rElec rF-
                  | Int-5}
  1272 | D:2      | 1272 ||| INVOKING Spit Poison.
  1299 | D:2      | 1299 ||| INVOKING Spit Poison.
  1465 | D:2      | 1465 ||| INVOKING Spit Poison.
  1499 | D:2      | 1499 ||| UPGRADING to scarf "Mufiquro" {shadows, Fly rElec
                  | rF- Int-5}.
  1504 | D:2      | 1504 ||| UPGRADING to +1 cloak.
  1514 | D:2      | 1514 ||| READING scroll labelled DYNLEU PUQE.
  1515 | D:2      | 1515 ||| READING scroll labelled BUEREIT NUEN.
  1516 | D:2      | 1516 ||| DRINKING 2 coppery potions.
  1531 | D:3      | 1531 ||| PLANNING SEWER
  1562 | D:3      | 1562 ||| INVOKING Spit Poison.
  1581 | D:3      | Found a hide-covered altar of Uskayaw.
  1655 | D:3      | 1655 ||| INVOKING Spit Poison.
  1657 | D:3      | Reached XP level 4. HP: 39/39 MP: 4/4
  1658 | D:3      | 1658 ||| INVOKING Spit Poison.
  1663 | D:3      | 1663 ||| INVOKING Spit Poison.
  1692 | D:3      | 1692 ||| INVOKING Spit Poison.
  1696 | D:3      | 1696 ||| INVOKING Spit Poison.
  1698 | D:3      | Reached skill level 5 in Ranged Weapons
  1723 | D:3      | 1723 ||| INVOKING Spit Poison.
  1751 | D:3      | 1751 ||| INVOKING Spit Poison.
  1757 | D:3      | 1757 ||| INVOKING Spit Poison.
  1889 | D:3      | 1889 ||| INVOKING Spit Poison.
  1973 | D:3      | 1973 ||| INVOKING Spit Poison.
  1983 | D:3      | 1983 ||| RIP SEWER
  1985 | D:3      | Found an ancient bone altar of Kikubaaqudgha.
  1986 | D:3      | 1986 ||| PLANNING D:1-11
  2025 | D:3      | 2025 ||| INVOKING Spit Poison.
  2208 | D:3      | 2208 ||| INVOKING Spit Poison.
  2296 | D:3      | 2296 ||| INVOKING Spit Poison.
  2338 | D:3      | 2338 ||| INVOKING Spit Poison.
  2483 | D:3      | 2483 ||| INVOKING Spit Poison.
  2487 | D:3      | 2487 ||| INVOKING Spit Poison.
  2488 | D:3      | Reached XP level 5. HP: 48/48 MP: 5/5
  2506 | D:3      | 2506 ||| INVOKING Spit Poison.
  2518 | D:3      | 2518 ||| INVOKING Spit Poison.
  2523 | D:3      | Reached skill level 3 in Fighting
  2538 | D:3      | 2538 ||| UPGRADING to scarf "Mufiquro" {shadows, Fly rElec
                  | rF- Int-5}.
  2548 | D:3      | 2548 ||| DRINKING 2 smoky purple potions.
  2653 | D:4      | 2653 ||| INVOKING Spit Poison.
  2661 | D:4      | 2661 ||| INVOKING Spit Poison.
  2682 | D:4      | 2682 ||| INVOKING Spit Poison.
  2757 | D:4      | 2757 ||| INVOKING Spit Poison.
  2775 | D:4      | 2775 ||| INVOKING Spit Poison.
  2778 | D:4      | 2778 ||| INVOKING Spit Poison.
  2813 | D:4      | Found a glowing golden altar of the Shining One.
  2917 | D:4      | 2917 ||| INVOKING Spit Poison.
  2920 | D:4      | 2920 ||| INVOKING Spit Poison.
  2925 | D:4      | Noticed Natasha
  2926 | D:4      | 2926 ||| INVOKING Spit Poison.
  2928 | D:4      | Killed Natasha
  2953 | D:4      | 2953 ||| INVOKING Spit Poison.
  2955 | D:4      | Noticed a water moccasin
  2960 | D:4      | 2960 ||| INVOKING Spit Poison.
  2963 | D:4      | Killed a water moccasin
  2964 | D:4      | Reached skill level 6 in Ranged Weapons
  2964 | D:4      | Reached XP level 6. HP: 45/56 MP: 6/6
  3067 | D:4      | 3067 ||| INVOKING Spit Poison.
  3140 | D:4      | 3140 ||| INVOKING Spit Poison.
  3144 | D:4      | 3144 ||| INVOKING Spit Poison.
  3148 | D:4      | 3148 ||| INVOKING Spit Poison.
  3152 | D:4      | 3152 ||| INVOKING Spit Poison.
  3157 | D:4      | 3157 ||| INVOKING Spit Poison.
  3222 | D:4      | Noticed Natasha
  3223 | D:4      | 3223 ||| INVOKING Spit Poison.
  3224 | D:4      | 3224 ||| Stepping ~*~*~tactically~*~*~ (outnumbered).
  3225 | D:4      | 3225 ||| Stepping ~*~*~tactically~*~*~ (outnumbered).
  3227 | D:4      | Killed Natasha
  3264 | D:4      | Identified the +5 dagger "Yvvimycu" {heavy, rF+ Will+
                  | Str+3}
  3292 | D:4      | 3292 ||| UPGRADING to +1 hat of willpower.
  3302 | D:5      | Entered Level 5 of the Dungeon
  3452 | D:5      | 3452 ||| INVOKING Spit Poison.
  3455 | D:5      | 3455 ||| INVOKING Spit Poison.
  3462 | D:5      | 3462 ||| INVOKING Spit Poison.
  3463 | D:5      | Reached XP level 7. HP: 53/64 MP: 7/7
  3465 | D:5      | 3465 ||| INVOKING Spit Poison.
  3615 | D:5      | Found a staircase to the Ecumenical Temple.
  3616 | D:5      | 3616 ||| PLANNING TEMPLE
  3616 | D:5      | 3616 ||| READING 3 scrolls of identify.
  3616 | D:5      | 3616 ||| IDENTIFYING blue potion
  3617 | D:5      | 3617 ||| READING 2 scrolls of identify.
  3617 | D:5      | 3617 ||| IDENTIFYING emerald potion
  3618 | D:5      | 3618 ||| DROPPING potion of attraction.
  3626 | Temple   | Entered the Ecumenical Temple
  3680 | Temple   | 3680 ||| PLANNING OKAWARU WORSHIP
  3821 | Temple   | Became a worshipper of Warmaster Okawaru
  3822 | Temple   | 3822 ||| PLANNING D:1-11
  3973 | D:5      | 3973 ||| INVOKING Spit Poison.
  3978 | D:5      | 3978 ||| INVOKING Spit Poison.
  4011 | D:5      | 4011 ||| INVOKING Spit Poison.
  4018 | D:5      | 4018 ||| INVOKING Spit Poison.
  4024 | D:5      | 4024 ||| INVOKING Spit Poison.
  4027 | D:5      | Reached skill level 7 in Ranged Weapons
  4029 | D:5      | 4029 ||| INVOKING Spit Poison.
  4031 | D:5      | HP: 10/64 [gnoll/+0 halberd (10)]
  4032 | D:5      | 4032 ||| DRINKING potion of heal wounds.
  4034 | D:5      | 4034 ||| INVOKING Spit Poison.
  4483 | D:5      | Noticed Ijyb
  4485 | D:5      | 4485 ||| INVOKING Spit Poison.
  4490 | D:5      | 4490 ||| INVOKING Spit Poison.
  4493 | D:5      | 4493 ||| INVOKING Spit Poison.
  4498 | D:5      | Killed Ijyb
  4579 | D:6      | 4579 ||| INVOKING Spit Poison.
  4582 | D:6      | 4582 ||| INVOKING Spit Poison.
  4588 | D:6      | 4588 ||| STAIRDANCE
  4590 | D:5      | 4590 ||| INVOKING Spit Poison.
  4593 | D:5      | 4593 ||| INVOKING Spit Poison.
  4596 | D:5      | HP: 15/64 [poisoned by an orc]
  4596 | D:5      | HP: 7/64 [orc wizard/+0 dagger (3)]
  4597 | D:5      | 4597 ||| INVOKING Spit Poison.
  4599 | D:5      | HP: 2/64 [poisoned by an orc]
  4599 | D:5      | Slain by an orc

Levels and vault maps discovered:
D:1:      psy_arrival_radial02, layout_loops_ring, grunt_decor_junction,
          minmay_cut_off
D:2:      layout_basic, chequers_ecumenical_altar_simple_redux
D:3:      layout_loops_corners, mainiacjoe_overflow_catwalk, marbit_many_paths,
          gup_sewer_entry_spiral
D:4:      layout_rooms, tso_oasis_becter, serial_curves, eino_curves_03,
          eino_curves_01, eino_curves_03, eino_curves_02, uniq_natasha
D:5:      layout_basic, minmay_temple_entry_junction, minmay_misc_feat_square,
          uniq_ijyb
D:6:      layout_basic
Temple:   bh_familiar_temple

Skill      XL: |  1  2  3  4  5  6  7 |
---------------+----------------------+-----
Ranged Weapons | 4 5 6 7 |  7.2
Armour         | 1 |  1.0
Fighting       | 3 4 |  4.0
Dodging        | 2 |  2.0
Stealth        | |  1.5

Action                     |  1- 3 |  4- 6 |  7- 9 || total
---------------------------+-------+-------+-------++-------
   Fire: Shortbow          |    45 |    96 |    52 ||   193
Ability: Spit Poison       |    23 |    38 |    16 ||    77
    Use: Scroll            |     5 |       |     2 ||     7
         Potion            |     1 |     1 |     1 ||     3
 Armour: Leather armour    |     6 |    33 |    56 ||    95
  Dodge: Dodged            |    11 |    19 |    40 ||    70

Table legend:
 A = Non-vault XP
 B = Vault XP
 C = Vault XP percentage of total XP
 D = Non-vault monster count
 E = Vault monster count
 F = Vault count percentage of total count
                 A         B        C        D         E       F
            +---------+---------+-------+---------+---------+-------
      Total |     820 |     133 |  14.0 |      70 |      13 |  15.7
            +---------+---------+-------+---------+---------+-------
        D:1 |      25 |       2 |   7.4 |      13 |       2 |  13.3
        D:2 |      29 |       0 |   0.0 |       9 |       0 |   0.0
        D:3 |      73 |      60 |  45.1 |      17 |       9 |  34.6
        D:4 |     386 |      35 |   8.3 |      18 |       1 |   5.3
        D:5 |     265 |      36 |  12.0 |      10 |       1 |   9.1
        D:6 |      42 |       0 |   0.0 |       3 |       0 |   0.0
            +---------+---------+-------+---------+---------+-------
